 Dungeon Crawl Stone Soup version 0.23.1 (webtiles) character file.

Game seed: 15904924647795544544

171 Borgoz the Sneak (level 5, -3/40 HPs)
             Began as a Ghoul Enchanter on Mar 3, 2019.
             Slain by a phantom (7 damage)
             ... on level 4 of the Dungeon.
             The game lasted 00:06:34 (4225 turns).

Borgoz the Sneak (Ghoul Enchanter)                  Turns: 4225, Time: 00:06:35

Health: -3/40      AC:  4    Str: 17    XL:     5   Next: 51%
Magic:  7/7        EV: 13    Int: 10    God:
Gold:   135        SH:  0    Dex: 15    Spells: 2/8 levels left

rFire    . . .     SeeInvis .   a - +1 dagger
rCold    + . .     Gourm    .   (no shield)
rNeg     + + +     Faith    .   j - +0 leather armour
rPois    ∞         Spirit   .   (no helmet)
rElec    .         Reflect  .   (no cloak)
rCorr    .         Harm     .   (no gloves)
MR       .....                  b - +0 pair of boots
Stlth    ++........             (no amulet)
HPRegen  0.00/turn              m - +5 ring of dexterity
MPRegen  0.10/turn              (no ring)

@: mighty, rotting
A: rotting body, claws 1, carnivore, cold resistance 1, negative energy
resistance 3, inhibited regeneration, torment resistance, unbreathing
a: no special abilities


You were on level 4 of the Dungeon.
You were not hungry.

You visited 1 branch of the dungeon, and saw 4 of its levels.

You collected 135 gold pieces.

Inventory:

Hand Weapons
 a - a +1 dagger (weapon)
Missiles
 k - 34 poisoned needles
Armour
 b - a +0 pair of boots (worn)
 j - a +0 leather armour (worn)
Jewellery
 m - a +5 ring of dexterity (left claw)
Scrolls
 e - 3 scrolls of remove curse
 n - a scroll of teleportation {unknown}
Potions
 c - a potion of ambrosia {unknown}
 f - a potion of brilliance
 h - 2 potions of haste
 i - a potion of might
 l - a potion of curing
 o - a potion of flight {unknown}
 p - a potion of heal wounds
Comestibles
 d - 3 rations


   Skills:
 + Level 1.5 Fighting
 * Level 2.0 Short Blades
 + Level 0.5 Throwing
 + Level 0.8 Armour
 * Level 2.7 Dodging
 + Level 4.3 Stealth
 + Level 2.1 Spellcasting
 + Level 2.7 Hexes


You had 2 spell levels left.
You knew the following spells:

 Your Spells              Type           Power        Failure   Level  Hunger
a - Corona                Hex            #......      12%         1    ##.....
b - Ensorcelled Hibernat  Hex/Ice        #.....       30%         2    ###....
c - Confuse               Hex            #.......     34%         3    ####...

Your spell library contained the following spells:

 Spells                   Type           Power        Failure   Level  Hunger
 Tukima's Dance           Hex            #.......     34%         3    ####...
 Dazzling Spray           Conj/Hex       #.....       52%         3    ####...


Dungeon Overview and Level Annotations

Branches:
Dungeon (4/15)
 Temple: D:4-7

Altars:
Gozag


Innate Abilities, Weirdness & Mutations

Your body is rotting away.
You thrive on raw meat.
You are immune to poison.
You have sharp fingernails.
You are carnivorous and can eat meat at any time.
Your flesh is cold resistant. (rC+)
You are immune to negative energy. (rN+++)
You do not regenerate when monsters are visible.
You are immune to unholy pain and torment.
You can survive without breathing.


Message History

You kill the scorpion!
Your Short Blades skill increases to level 2!
You see here a scorpion corpse.
You butcher the scorpion corpse.
g - 2 chunks of flesh You now have 135 gold pieces (gained 15).
Eat one of 2 chunks of flesh? (ye/n/q)
You eat one of the 2 chunks of flesh.
This raw flesh tastes great!
Eat a chunk of flesh? (ye/n/q)
You eat the chunk of flesh.
This raw flesh tastes great!
You open the door.
A phantom comes into view.
You completely miss the phantom. The phantom hits you!
* * * LOW HITPOINT WARNING * * *
You miss the phantom. The phantom hits you.
* * * LOW HITPOINT WARNING * * *
You hit the phantom.
The phantom is lightly damaged.
The phantom hits you!
You die...

#....#..#.....##
#....#..#.....#.
#######....+..#.(...'.
#..........#..+.....##
#..........####.......
#...............####..
#...............# #..
#...............# #..
#....@..........# #..
#####W########### #..
... ### ....# ....##
#....# ##'### ..


You could see a phantom.

Vanquished Creatures
  A scorpion (D:4)
  3 adders
  An ooze (D:1)
  2 worms
  2 dart slugs (D:1)
  A leopard gecko (D:1)
  2 orcs
  6 bats
  A giant cockroach (D:2)
  6 goblins
  11 hobgoblins
  8 jackals
  12 kobolds
  2 quokkas (D:3)
  4 frilled lizards
  8 rats
70 creatures vanquished.

Notes
Turn   | Place    | Note
-------+----------+-------------------------------------------
     0 | D:1      | Borgoz the Ghoul Enchanter began the quest for the Orb.
     0 | D:1      | Reached XP level 1. HP: 14/14 MP: 2/2
    78 | D:1      | Reached XP level 2. HP: 16/19 MP: 3/3
   590 | D:1      | Reached XP level 3. HP: 10/26 MP: 5/5
   687 | D:1      | Reached skill level 1 in Short Blades
   938 | D:1      | Reached skill level 4 in Stealth
  1935 | D:2      | Reached XP level 4. HP: 34/34 MP: 6/6
  2046 | D:2      | Reached skill level 1 in Fighting
  2371 | D:3      | Found an opulent altar of Gozag.
  3517 | D:3      | Learned a level 2 spell: Ensorcelled Hibernation
  3521 | D:3      | Learned a level 3 spell: Confuse
  3952 | D:3      | Reached XP level 5. HP: 33/40 MP: 7/7
  4222 | D:4      | Noticed a phantom
  4225 | D:4      | Slain by a phantom

Skill      XL: |  1  2  3  4  5 |
---------------+----------------+-----
Spellcasting   | 2 |  2.1
Dodging        | 2 |  2.7
Short Blades   | 1 2 |  2.0
Stealth        | 4 |  4.3
Fighting       | 1 |  1.5
Throwing       | |  0.5
Armour         | |  0.8
Hexes          | |  2.7

Action                   |  1- 3 |  4- 6 || total
-------------------------+-------+-------++-------
Melee: Dagger            |   200 |   249 ||   449
 Cast: Ensorcelled Hiber |       |     1 ||     1
       Corona            |       |     1 ||     1
  Use: Scroll            |     4 |     5 ||     9
       Potion            |       |     1 ||     1
 Stab: Sleeping          |     3 |     1 ||     4
  Eat: Chunk             |    17 |    23 ||    40
Armor: Robe              |    33 |     9 ||    42
       Leather armour    |       |    30 ||    30
Dodge: Dodged            |   117 |   131 ||   248
